 Dungeon Crawl Stone Soup version 0.21.1-1-g345015f (webtiles) character file.

835 sking99 the Covert (level 7, -15/45 HPs)
             Began as an Octopode Assassin on June 24, 2018.
             Shot with an arrow by a centaur (17 damage)
             ... on level 5 of the Dungeon.
             The game lasted 00:15:21 (5564 turns).

sking99 the Covert (Octopode Assassin)              Turns: 5564, Time: 00:15:22

Health: -15/45     AC:  1    Str: 11    XL:     7   Next: 98%
Magic:  0/7        EV: 13    Int: 13    God:
Gold:   224        SH:  0    Dex: 15    Spells: 6/6 levels left

rFire    . . .     SeeInvis .   a - +2 dagger
rCold    . . .     Gourm    .   (no shield)
rNeg     + . .     Faith    .   (helmet restricted)
rPois    .         Spirit   +   s - amulet of guardian spirit
rElec    .         Reflect  .   e - ring of stealth
rCorr    .         Harm     .   k - ring of positive energy
MR       .....                  (no ring)
Stlth    ++++++....             (no ring)
HPRegen  0.15/turn              (no ring)
MPRegen  0.10/turn              (no ring)
                                (no ring)
                                (no ring)

@: no status effects
A: almost no armour, stealthy swim, amphibious, 8 rings, constrict 8, camouflage
1, gelatinous body 1
a: no special abilities


You were on level 5 of the Dungeon.
You were not hungry.

You visited 1 branch of the dungeon, and saw 5 of its levels.

You collected 224 gold pieces.

Inventory:

Hand Weapons
 a - a +2 dagger (weapon)
 b - a +1 blowgun
Missiles
 c - 11 poisoned needles (quivered)
 d - 2 curare-tipped needles
Jewellery
 e - a ring of stealth (left tentacle)
 k - a ring of positive energy (right tentacle)
 s - an amulet of guardian spirit (around mantle)
Wands
 g - a wand of flame (11)
 r - a wand of acid (6)
Scrolls
 h - 4 scrolls of remove curse
 m - a scroll of summoning {unknown}
Potions
 i - a potion of lignification {unknown}
 l - a potion of invisibility {unknown}
 n - a potion of agility {unknown}
 o - 2 potions of ambrosia
 p - 3 potions of curing
 q - 2 potions of flight {unknown}
 t - a potion of might {unknown}
 u - 2 potions of brilliance {unknown}
Comestibles
 f - 5 rations
 j - a chunk of flesh


   Skills:
 - Level 2.0 Fighting
 + Level 5.3 Short Blades
 + Level 5.3 Throwing
 - Level 1.0 Dodging
 + Level 8.9 Stealth


You had 6 spell levels left.
You didn't know any spells.

Dungeon Overview and Level Annotations

Branches:
Dungeon (5/15)
 Temple: D:4-7

Altars:
Dithmenos

Annotations:
D:4 shugdite's ghost, novice MiFi


Innate Abilities, Weirdness & Mutations

You cannot wear most types of armour.
You are very stealthy in the water. (Stealth+)
You are amphibious.
You can wear up to eight rings at the same time.
You can use your tentacles to constrict eight enemies at once.
Your skin changes colour to match your surroundings (Stealth+).
Your rubbery body absorbs attacks. (AC +1, EV +1)


Message History

The hound bites you.
Some of the chunks of flesh in your inventory have rotted away.
You hit the hound but do no damage. You grab the hound. You squeeze the hound.
The hound is severely wounded.
You constrict the hound. The hound bites you.
You hit the hound.
You kill the hound!
The centaur wields a shortbow.
The centaur shoots an arrow.
The arrow hits you.
Tossing away (i - inventory):
c - 12 poisoned needles (quivered)
Press: ? - help, Shift-Dir - straight line, f - centaur
Aim: a centaur, wielding a shortbow You toss away a poisoned needle.
The poisoned needle hits the centaur.
The centaur shoots an arrow.
The arrow hits you!
The centaur shoots an arrow.
The arrow hits you!
* * * LOW HITPOINT WARNING * * *
The centaur shoots an arrow.
The arrow barely misses you.
The centaur shoots an arrow.
The arrow hits you.
* * * LOW HITPOINT WARNING * * *
The centaur shoots an arrow.
The arrow hits you!
You die...

#(....... ...####........
.......c†......
....###.########### .
#.##........#
#.##........####
#(##...........#
#.##...........#
#@##...........# #.
#.##...........# #.#
#.##...........# #.#
#.##...........#
######.###.##...........# #.
#........#.####.........#
#.##........#..............#
#.......................####
#.......................# #


You could see a centaur.

Vanquished Creatures
  An ice beast (D:3)
  An ogre (D:5)
  A scorpion (D:3)
  2 howler monkeys
  2 hounds (D:5)
  An orc priest (D:3)
  A bullfrog skeleton (D:4)
  2 orc wizards
  An iguana (D:5)
  4 worker ants
  12 adders
  A howler monkey skeleton (D:5)
  2 adder skeletons (D:4)
  2 worms (D:2)
  2 dart slugs
  5 leopard geckos
  11 orcs
  2 giant cockroaches
  8 goblins
  11 hobgoblins
  7 jackals
  4 quokkas
  7 bats
  6 frilled lizards
  10 kobolds
  A leopard gecko zombie (D:5)
  4 rats
111 creatures vanquished.

Notes
Turn   | Place    | Note
-------+----------+-------------------------------------------
     0 | D:1      | sking99 the Octopode Assassin began the quest for the Orb.
     0 | D:1      | Reached XP level 1. HP: 14/14 MP: 1/1
   172 | D:1      | Reached XP level 2. HP: 19/19 MP: 2/2
   936 | D:2      | Reached XP level 3. HP: 24/24 MP: 3/3
  1131 | D:2      | Reached skill level 6 in Stealth
  1204 | D:2      | Reached XP level 4. HP: 23/29 MP: 4/4
  1858 | D:3      | Reached XP level 5. HP: 34/34 MP: 5/5
  2460 | D:3      | Reached skill level 7 in Stealth
  2465 | D:3      | Reached XP level 6. HP: 27/39 MP: 6/6
  2880 | D:4      | Noticed shugdite's ghost (novice MiFi)
  2907 | D:4      | Noticed an ice beast
  3222 | D:3      | Killed an ice beast
  3541 | D:4      | Found a shadowy altar of Dithmenos.
  3557 | D:4      | Reached XP level 7. HP: 16/45 MP: 2/7
  4198 | D:4      | Reached skill level 8 in Stealth
  4662 | D:5      | Entered Level 5 of the Dungeon
  5145 | D:5      | Reached skill level 5 in Short Blades
  5145 | D:5      | Reached skill level 5 in Throwing
  5564 | D:5      | HP: 2/45 [centaur/arrow (5)]
  5564 | D:5      | Shot with an arrow by a centaur

Skill      XL: |  1  2  3  4  5  6  7 |
---------------+----------------------+-----
Stealth        | 6 7 8 |  8.9
Throwing       | 3 4 5 |  5.3
Short Blades   | 3 4 5 |  5.3
Fighting       | |  2.0
Dodging        | |  1.0

Action                   |  1- 3 |  4- 6 |  7- 9 || total
-------------------------+-------+-------+-------++-------
Melee: Dagger            |    64 |   104 |    69 ||   237
       Tentacles         |     8 |    15 |    17 ||    40
       Constrict         |    14 |    23 |    17 ||    54
 Fire: Blowgun           |     8 |    13 |    16 ||    37
  Use: Scroll            |       |     4 |     4 ||     8
 Stab: Sleeping          |    10 |    12 |     9 ||    31
       Distracted        |       |       |     1 ||     1
  Eat: Chunk             |     1 |     5 |     5 ||    11
       Ration            |       |     1 |       ||     1
Armor: Skin              |     4 |     5 |     1 ||    10
Dodge: Dodged            |    32 |    50 |    38 ||   120
